AoeStats
← Barón de la Cerveza

Arabia

504557483Analyzed
1v1 RM · 28d ago on Sep 5, 2026· 47m 25s· 2 players
Game mode
Random Map
Map size
Tiny (2 player)
Population
200
Speed
Normal
Resources
Standard
Victory
Conquest
Starting age
Dark Age
Ending age
Imperial Age
RankedLock teamsTeams togetherTeam positionsShared explorationLock speedFull tech treeHidden civsTurbo modeCheats
Victory
Defeat
🇲🇽 Byzantines · Mexico
1773
+22
1904
-22
Barón de la Cerveza
6:32 Loom
8:53 Feudal Age
8:13 Loom
13:20 Double-Bit Axe
17:38 Fletching
19:03 Padded Archer Armor
23:00 Castle Age
21:12 Horse Collar
23:08 Elite Skirmisher
23:44 Bodkin Arrow
24:05 Scale Barding Armor
31:38 Bow Saw
32:16 Wheelbarrow
31:58 Bow Saw
36:22 Imperial Age
34:36 Crossbowman
35:43 Leather Archer Armor
37:15 Bracer
38:41 Treadmill Crane
39:23 Ballistics
40:04 Chemistry
40:37 Hand Cart
41:46 Hoardings
41:53 Heavy Plow
42:40 Conscription
42:49 Heavy Camel Rider
43:30 Husbandry
44:06 Chain Barding Armor
45:30 Plate Barding Armor
45:26 Ring Archer Armor
46:10 Forging
47:09 Two-Man Saw
47:01 Elite Cataphract
Axolotl-Flöten-Beschwörer
6:23 Loom
8:56 Feudal Age
10:38 Double-Bit Axe
13:28 Fletching
22:38 Castle Age
21:03 Gold Mining
23:16 Bodkin Arrow
22:41 Crossbowman
23:40 Bow Saw
27:59 Gold Shaft Mining
28:22 Wheelbarrow
27:35 Town Watch
36:21 Wheelbarrow
40:20 Imperial Age
38:33 Elite Skirmisher
39:55 Wheelbarrow
39:43 Padded Archer Armor
41:21 Leather Archer Armor
42:07 Chemistry
41:36 Conscription
42:34 Ballistics
43:55 Forging
43:39 Stone Mining
44:16 Pikeman
45:06 Scale Mail Armor
47:37 Chain Mail Armor
Connection lost

Rejoining the realm…

Still unreachable

The connection could not be restored.

Session expired

The server has moved on; the page needs a fresh start.